 Dungeon Crawl Stone Soup version 0.28.0-53-g5a82cb258f (webtiles) character file.

Game seed: 17671863636179503132

4 styxcanada the Sneak (level 1, 0/10 HPs)
             Began as a Spriggan Brigand on Aug 5, 2022.
             Constricted to death by a ball python (1 damage)
             ... on level 1 of the Dungeon.
             The game lasted 00:01:04 (195 turns).

styxcanada the Sneak (Spriggan Brigand)              Turns: 195, Time: 00:01:04

Health: 0/10       AC:  3    Str:  7    XL:     1   Next: 58%
Magic:  2/2        EV: 13    Int: 12    God:
Gold:   11         SH:  0    Dex: 16    Spells: 0/0 levels left

rFire   . . .      SeeInvis +   a - +2 dagger
rCold   . . .      Faith    .   (no shield)
rNeg    . . .      Spirit   .   b - +0 robe
rPois   .          Reflect  .   (helmet restricted)
rElec   .          Harm     .   c - +0 cloak
rCorr   .          Rampage  .   (gloves unavailable)
Will    .....                   (boots unavailable)
Stlth   +++.......              (no amulet)
HPRegen 0.03/turn               (no ring)
MPRegen 0.08/turn               (no ring)

@: constricted, very quick
A: very small, no large weapons, unfitting armour, see invisible, speed 3
a: no special abilities


You were on level 1 of the Dungeon.
You visited 1 branch of the dungeon, and saw 1 of its levels.

You collected 11 gold pieces.

Inventory:

Hand Weapons
 a - a +2 dagger (weapon)
 f - a +2 spear of venom
Missiles
 d - 8 poisoned darts (quivered)
 e - 2 curare-tipped darts
 g - 14 stones
Armour
 b - a +0 robe (worn)
 c - a +0 cloak (worn)
Potions
 h - a potion of might {unknown}


   Skills:
 * Level 1.5 Fighting
 + Level 2.1 Short Blades
 + Level 2.0 Throwing
 * Level 1.3 Dodging
 * Level 6.3 Stealth


You couldn't memorise any spells.
You didn't know any spells.
Your spell library was empty.

Dungeon Overview and Level Annotations

Branches:
Dungeon (1/15)

Altars:

Shops:
D:1 *


Innate Abilities, Weirdness & Mutations

You are very small and have problems with some larger weapons.
You are too small for most types of armour.
You have supernaturally acute eyesight. (SInv)
You cover ground extremely quickly. (Speed+++)


Message History

The hobgoblin is almost dead.
The hobgoblin hits you.
You hit the hobgoblin.
You kill the hobgoblin!
Found a stone staircase leading down.
You see here a hobgoblin corpse.
Found a scroll labelled BORPHI VUIDOGATZYPS.
h - a puce potion A dart slug comes into view.
Found Kynniqem's Assorted Antiques.
The dart slug launches a dart at you. The slug dart hits you.
A dart slug comes into view.
Found a hand axe and an inky potion.
The dart slug launches a dart at you. The slug dart hits you.
* * * LOW HITPOINT WARNING * * *
A hobgoblin comes into view.
You hit the dart slug.
The dart slug is lightly wounded.
The dart slug bites you.
* * * LOW HITPOINT WARNING * * *
You hit the dart slug but do no damage. The dart slug launches a dart at you.
The slug dart misses you.
A ball python comes into view.
A giant cockroach comes into view.
The ball python misses you. The ball python barely misses you.
You hit the ball python but do no damage.
The ball python closely misses you. The ball python grabs you.
The ball python constricts you.
You hit the ball python.
The ball python is severely wounded.
The ball python bites you.
* * * LOW HITPOINT WARNING * * *
The ball python constricts you.
You closely miss the ball python.
The ball python is severely wounded.
The ball python barely misses you. The ball python constricts you.
You die...

###...≈≈≈≈≈..
#####....?≈≈∩≈≈##
!.........≈≈.≈≈.g #
##......w.≈.# B.##
##.>..w#.#)#.# ...
#..#...#.#
#.####.##.#...# #.
#....#.##w###.# .
#@......# .#
......S.#.#.#.#####..
###.............##..
# ....###.......†##..
## ### #........#..
##[ .........##.#
##.. .........#..#
##...
#.....###.#.####....
#### #...........


You could see a dart slug and a ball python.

Vanquished Creatures
  A hobgoblin (D:1)
  A quokka (D:1)
  2 ball pythons (D:1)
4 creatures vanquished.

Notes
Turn   | Place    | Note
-------+----------+-------------------------------------------
     0 | D:1      | styxcanada the Spriggan Brigand began the quest for the
                  | Orb.
     0 | D:1      | Reached XP level 1. HP: 10/10 MP: 2/2
    32 | D:1      | Reached skill level 6 in Stealth
   175 | D:1      | Found Kynniqem's Assorted Antiques.
   195 | D:1      | Constricted to death by a ball python

Illustrated notes

Levels and vault maps discovered:
D:1:      dpeg_arrival_central, layout_rooms, serial_shops,
          nicolae_shop_waterfront

Skill      XL: |  1 |
---------------+----+-----
Stealth        | 6 |  6.3
Fighting       | |  1.5
Short Blades   | |  2.1
Throwing       | |  2.0
Dodging        | |  1.3

Action                   || total
-------------------------++-------
Melee: Dagger            ||    17
 Stab: Sleeping          ||     1
Armor: Robe              ||     2
Dodge: Dodged            ||    19
